 Dungeon Crawl Stone Soup version 0.28-b1-25-g9875b3fc8c (webtiles) character file.

Game seed: 17289033477594677366

2938 murtidash the Grappler (level 9, 0/70 HPs)
             Began as a Ghoul Monk on Feb 2, 2022.
             Was an Elder of Okawaru.
             Slain by an orc knight (33 damage)
             ... in a bailey.
             The game lasted 00:14:54 (6623 turns).

murtidash the Grappler (Ghoul Monk)                 Turns: 6623, Time: 00:14:55

Health: 0/70       AC: 11    Str: 17    XL:     9   Next: 80%
Magic:  5/12       EV: 11    Int:  5    God:    Okawaru [****..]
Gold:   213        SH:  0    Dex: 13    Spells: 8/8 levels left

rFire   . . .      SeeInvis .     - Unarmed
rCold   + . .      Faith    .   (no shield)
rNeg    + + +      Spirit   .   A - +0 chain mail
rPois   ∞          Reflect  .   (no helmet)
rElec   .          Harm     .   (no cloak)
rCorr   .          Rampage  .   (no gloves)
Will    .....                   (no boots)
Stlth   ..........              (no amulet)
HPRegen 0.00/turn               g - ring of flight {+Fly, !d}
MPRegen 0.13/turn               (no ring)

@: mighty, heroic, finesse-ful, flying, inhibited regen
A: claws 1, cold resistance 1, negative energy resistance 3, inhibited
regeneration, torment resistance 2
a: Renounce Religion, Heroism, Finesse


You were in a bailey.
You worshipped Okawaru.
Okawaru was greatly pleased with you.
You visited 2 branches of the dungeon, and saw 8 of its levels.
You also visited: Sewer and Bailey.

You collected 213 gold pieces.

Inventory:

Hand Weapons
 b - the +7 trident of Awkwardness {vorpal, *Rage rC+ rN+}
   (You found it on level 4 of the Dungeon)

   It inflicts extra damage upon your enemies.
   rC:        It protects you from cold.
   rN:        It protects you from negative energy.
   *Rage:     It berserks you when you make melee attacks (+20% chance).
Armour
 A - a +0 chain mail (worn)
   (You found it on level 5 of the Dungeon)
Jewellery
 g - a ring of flight (left claw) {+Fly, !d}
   (You found it on level 1 of the Dungeon)
Wands
 y - a wand of paralysis (8)
   (You found it on level 5 of the Dungeon)
Scrolls
 d - a scroll of fear
 f - a scroll of vulnerability {!r!r}
 p - a scroll of immolation {unknown}
 q - 2 scrolls of fog
 t - 2 scrolls of teleportation
 z - a scroll of noise {unknown}
Potions
 a - a potion of magic {unknown}
 c - a potion of invisibility {unknown}
 e - a potion of cancellation {unknown}
 h - a potion of mutation
 i - 2 potions of degeneration {!q}
 m - a potion of ambrosia {unknown}
 s - 2 potions of flight
 u - 3 potions of heal wounds
 v - a potion of haste {unknown}
 x - 2 potions of resistance


   Skills:
 - Level 3.2(8.2) Fighting
 + Level 5.6(10.6) Armour
 - Level 6.0(11.0) Dodging
 - Level 2.1(7.1) Stealth
 * Level 10.1(15.1) Unarmed Combat
 + Level 5.4 Invocations


You had 8 spell levels left.
You didn't know any spells.
Your spell library contained the following spells:

 Spells                   Type           Power      Damage    Failure   Level
 Pain                     Necr           0%         1d4       99%         1
 Conjure Flame            Conj/Fire      0%         6-21      100%        3
 Ignite Poison            Fire/Tmut/Pois 0%         N/A       100%        3
 Inner Flame              Hex/Fire       0%         N/A       100%        3
 Portal Projectile        Hex/Tloc       0%         N/A       100%        3
 Vampiric Draining        Necr           0%         2d6       100%        3
 Anguish                  Hex/Necr       0%         N/A       100%        4
 Cause Fear               Hex            0%         N/A       100%        4
 Sticky Flame             Conj/Fire      0%         2d3       100%        4
 Agony                    Necr           0%         N/A       100%        5
 Excruciating Wounds      Necr           0%         N/A       100%        5
 Enfeeble                 Hex            0%         N/A       100%        7
 Discord                  Hex            0%         N/A       100%        8
 Animate Skeleton         Necr           Unusable   N/A       N/A         1
 Tukima's Dance           Hex            Unusable   N/A       N/A         3
 Blade Hands              Tmut           Unusable   N/A       N/A         5
 Dragon Form              Tmut           Unusable   N/A       N/A         7
 Dragon's Call            Summ           Unusable   N/A       N/A         9

Dungeon Overview and Level Annotations

Branches:
Dungeon (7/15)             Temple (1/1) D:4           Sewer (visited)
 Bailey (1/1)

Altars:
Ashenzari
Cheibriados
Dithmenos
Elyvilon
Hepliaklqana
Kikubaaqudgha
Makhleb
Nemelex Xobeh
Okawaru
Qazlal
Ru
Trog
Uskayaw
Wu Jian
Xom
Zin
The Shining One


Innate Abilities, Weirdness & Mutations

You thrive by killing the living.
You are immune to poison.
You have sharp fingernails.
Your flesh is cold resistant. (rC+)
You are immune to negative energy. (rN+++)
You do not regenerate when monsters are visible.
You are immune to unholy pain and torment.


Message History

You feel better.
You regained 7 hp, and now have 66/70 hp.
You mangle the orc!!
You kill the orc!
Okawaru accepts your kill. The orc barely misses you.
The orc hits you with a +0 trident.
Things that are here:
a +0 trident; a +0 scale mail You take 5 damage, and have 61/70 hp.
You barely miss the orc. The orc hits you but does no damage.
You closely miss the orc. The orc hits you but does no damage.
You barely miss the orc. The orc barely misses you.
You closely miss the orc. Your claw misses the orc. You barely miss the orc.
Your claw misses the orc. The orc hits you with a +0 trident.
You take 2 damage, and have 59/70 hp.
You scratch the orc.
You kill the orc!
Okawaru accepts your kill.
You see here a +0 trident.
You reach down and open the gate.
You feel a little less mighty now.
There is an open gate here.
a - a black potion
u - 3 potions of heal wounds (gained 1) MP restored: 11
e - an orange potion You reach down and open the gate.
An orc warrior and 5 orcs come into view.
The orc shouts! x4; You hear a shout!
The orc moves out of view. x4
An orc knight comes into view. It is wielding a +0 trident.
The orc knight shouts!
You hear a shout! 2 orc warriors come into view.
The orc knight moves out of view.
The orc warrior moves out of view. x2
You see here a black potion.
You see here a potion of might.
j - a potion of might You feel very mighty all of a sudden.
You gain the combat prowess of a mighty hero.
The orc warrior shouts!
You now have 9/11 mp.
You can now deal lightning-fast blows.
You can no longer speed up your combat.
You now have 4/11 mp.
An orc knight comes into view. It is wielding a +0 glaive.
The orc closely misses you.
The orc knight roars a battlecry!
The orcs go into a battle-frenzy!
You see here a black potion.
You closely miss the orc warrior. The orc warrior misses you.
You claw the orc!
You kill the orc!
Okawaru accepts your kill.
You feel better.
An orc knight comes into view. It is wielding a +0 halberd.
The orc knight shouts!
You eviscerate the orc!!!
You kill the orc!
Okawaru accepts your kill.
You feel better.
You hear a shout!
The orc hits you from afar with a +0 spear.
The orc warrior closely misses you.
You hear a shout!
You regained 3 hp, and now have 66/70 hp.
You claw the orc warrior! You mangle the orc warrior!!
You kill the orc warrior!
Okawaru accepts your kill.
You can now speed up your combat.
You feel better.
Health restored: 70 An orc and an orc warrior come into view.
The orc shouts!
The orc knight roars a battlecry!
The orc knight goes into a battle-frenzy!
The orc hits you but does no damage.
An orc warrior comes into view. It is wielding a +0 halberd.
You see here a +0 spear.
You mangle the orc!!
You kill the orc!
Okawaru accepts your kill. The orc warrior misses you.
The orc warrior hits you from afar with a +0 glaive!
There is an open gate here.
You take 17 damage, and have 53/70 hp.
MASSIVE DAMAGE!!
The orc hits you with a +0 hand axe. The orc closely misses you.
The orc knight closely misses you.
The orc warrior hits you but does no damage.
The orc knight closely misses you.
The orc warrior hits you with a +0 glaive!
You take 10 damage, and have 43/70 hp.
You claw the orc knight! The orc hits you but does no damage.
You claw the orc!
You kill the orc!
Okawaru accepts your kill.
The orc warrior hits you with a +0 hand axe!
The orc knight hits you from afar with a +0 halberd!!
You die...

##.....##
##'''##
#.....#
#..!!.#
#...!.#
#..!!.#
#.))).#
##)'o##
#..@o.#
#.ooo...#
#.o#o#..#
#...oo..#
#.......#
#.......#
##.....##
#'''''#


You could see 3 orc knights, 4 orc warriors and 2 orcs.

Vanquished Creatures
  A manticore (D:6)
  A troll (D:6)
  Sigmund (D:5)
  Menkaure (D:6)
  3 water moccasins
  2 black bears
  3 orc warriors (Bailey)
  2 sky beasts
  An ice beast (D:6)
  A phantom (D:5)
  2 kobold brigands (Sewer)
  2 scorpions (D:5)
  A water moccasin skeleton (D:5)
  A howler monkey (D:4)
  4 hounds
  An orc priest (D:4)
  A jelly (D:7)
  3 iguanas
  2 orc wizards
  2 hound skeletons
  A howler monkey skeleton (D:2)
  2 gnolls
  8 adders
  A river rat (Sewer)
  2 white imps (D:6)
  2 ufetubi
  2 worms (D:2)
  2 dart slugs
  25 orcs
  8 ball pythons
  4 bats
  5 endoplasms
  3 giant cockroaches
  11 goblins
  4 hobgoblins
  11 jackals
  4 quokkas
  10 kobolds
  11 rats
151 creatures vanquished.

Vanquished Creatures (others)
  A plant (D:4)
1 creature vanquished.

Grand Total: 152 creatures vanquished

Notes
Turn   | Place    | Note
-------+----------+-------------------------------------------
     0 | D:1      | murtidash the Ghoul Monk began the quest for the Orb.
     0 | D:1      | Reached XP level 1. HP: 19/19 MP: 0/0
   340 | D:1      | Reached XP level 2. HP: 26/26 MP: 1/1
   502 | D:1      | Found a faded altar of an unknown god.
   515 | D:1      | Reached skill level 3 in Dodging
   726 | D:1      | Reached skill level 1 in Armour
   740 | D:1      | Reached XP level 3. HP: 31/31 MP: 2/2
   916 | D:2      | Reached skill level 4 in Unarmed Combat
  1027 | D:2      | Reached XP level 4. HP: 35/38 MP: 3/3
  1791 | D:3      | Reached skill level 2 in Armour
  1834 | D:3      | Reached XP level 5. HP: 45/45 MP: 4/4
  1912 | D:3      | Found a glowing drain.
  1928 | Sewer    | Entered a sewer
  2017 | Sewer    | Noticed a kobold brigand
  2021 | Sewer    | Noticed a kobold brigand
  2070 | Sewer    | Killed a kobold brigand
  2071 | Sewer    | Reached skill level 5 in Unarmed Combat
  2087 | Sewer    | HP: 8/45 [kobold brigand (5)]
  2088 | Sewer    | Killed a kobold brigand
  2089 | Sewer    | Reached skill level 4 in Dodging
  2089 | Sewer    | Reached XP level 6. HP: 11/51 MP: 5/5
  2722 | D:4      | Found a staircase to the Ecumenical Temple.
  2752 | Temple   | Entered the Ecumenical Temple
  2849 | Temple   | Became a worshipper of Warmaster Okawaru
  2849 | Temple   | Reached * piety under Okawaru
  2849 | Temple   | Reached ** piety under Okawaru
  2901 | D:4      | Identified the +7 trident of Awkwardness {vorpal, *Rage rC+
                  | rN+}
  3018 | D:4      | Identified the +1 robe "Gaeshrun" {Int-5 Dex+5 SInv}
  3244 | D:4      | Noticed a black bear
  3271 | D:4      | HP: 6/51 [black bear (5)]
  3279 | D:4      | Killed a black bear
  3280 | D:4      | Reached skill level 3 in Armour
  3280 | D:4      | Reached skill level 6 in Unarmed Combat
  3574 | D:5      | Entered Level 5 of the Dungeon
  3583 | D:5      | Noticed a sky beast
  3610 | D:4      | Reached XP level 7. HP: 56/57 MP: 6/6
  3631 | D:5      | Reached skill level 1 in Invocations
  3804 | D:5      | Noticed Sigmund
  4010 | D:5      | Killed Sigmund
  4242 | D:5      | Reached skill level 7 in Unarmed Combat
  4242 | D:5      | Reached skill level 2 in Invocations
  4289 | D:5      | Reached XP level 8. HP: 63/63 MP: 8/8
  4597 | D:5      | Reached *** piety under Okawaru
  4598 | D:5      | Reached skill level 5 in Dodging
  4660 | D:5      | Reached skill level 4 in Armour
  5048 | D:6      | Reached skill level 3 in Invocations
  5100 | D:5      | Reached skill level 8 in Unarmed Combat
  5101 | D:5      | HP: 9/63 [water moccasin (5)]
  5703 | D:6      | Reached skill level 4 in Invocations
  5703 | D:6      | Reached XP level 9. HP: 56/70 MP: 9/11
  5781 | D:6      | Noticed a manticore
  5800 | D:6      | Killed a manticore
  5800 | D:6      | Reached **** piety under Okawaru
  5801 | D:6      | Reached skill level 5 in Armour
  5801 | D:6      | Reached skill level 9 in Unarmed Combat
  5920 | D:6      | Noticed Menkaure
  5925 | D:6      | Identified the +2 leather armour of Agoraphobia {rPois
                  | Regen+ Str+3}
  5942 | D:6      | Killed Menkaure
  5943 | D:6      | Reached skill level 6 in Dodging
  6138 | D:6      | Noticed a troll
  6147 | D:6      | Killed a troll
  6148 | D:6      | Reached skill level 5 in Invocations
  6450 | D:7      | Found a flagged portal.
  6503 | D:7      | Identified the +7 flail of Symmetry {holy, rF+ Stlth+}
  6517 | Bailey   | Entered a bailey
  6544 | Bailey   | Reached skill level 10 in Unarmed Combat
  6605 | Bailey   | Noticed an orc knight
  6612 | Bailey   | Noticed an orc knight
  6614 | Bailey   | Noticed an orc knight
  6623 | Bailey   | Slain by an orc knight

Illustrated notes

Levels and vault maps discovered:
D:1:      scummos_arrival_simple_fountains, layout_loops_ring,
          ebering_ecumenical_altar_ruins
D:2:      layout_basic
D:3:      layout_basic, gup_sewer_entry_pipe
D:4:      layout_loops_cross, minmay_temple_entry_gardened_gates,
          serial_park_tiny_pond
D:5:      wad_river_or_something, layout_rooms, minivault_5, uniq_sigmund
D:6:      layout_cave_pools, uniq_menkaure
D:7:      hangedman_cross_stitches, layout_basic,
          chequers_temple_overflow_statue_of_worship, enter_bailey_8,
          kennysheep_cluttered_room
Temple:   regret_index_temple_chain_breaker
Bailey:   bailey_polearm_5, bailey

Skill      XL: |  1  2  3  4  5  6  7  8  9 |
---------------+----------------------------+-----
Dodging        | 3 4 5 6 |  6.0
Armour         | 1 2 3 4 5 |  5.6
Unarmed Combat | 4 5 6 7 8 10 | 10.1
Invocations    | 2 4 5 |  5.4
Fighting       | |  3.2
Stealth        | |  2.1

Action                   |  1- 3 |  4- 6 |  7- 9 || total
-------------------------+-------+-------+-------++-------
Melee: Unarmed           |    94 |   192 |   274 ||   560
       Punch             |     1 |     3 |    12 ||    16
Invok: Heroism           |       |       |     4 ||     4
       Finesse           |       |       |     2 ||     2
Evoke: Wand              |       |     4 |     9 ||    13
  Use: Potion            |       |     3 |     6 ||     9
       Scroll            |       |       |    10 ||    10
 Stab: Sleeping          |     1 |     2 |       ||     3
       Paralysed         |       |       |     9 ||     9
Armor: Robe              |     7 |       |       ||     7
       Ring mail         |    17 |    38 |    30 ||    85
       Chain mail        |       |       |    85 ||    85
Dodge: Dodged            |    60 |    97 |   151 ||   308

Table legend: (Time is in decaauts)
 A = Elapsed time spent in this place.
 B = Non-inter-level travel time spent in this place.
 C = Inter-level travel time spent in this place.
 D = Time resting spent in this place.
 E = Time spent auto-exploring this place.
 F = Levels seen in this place.
 G = Mean time per level.
                   A        B        C        D        E       F      G
               +--------+--------+--------+--------+--------+-----+--------+
         Total |   6551 |   6418 |    133 |    525 |   4632 |  10 |  655.1 |
       Dungeon |   5920 |   5809 |    111 |    521 |   4263 |   7 |  845.7 |
        Temple |    112 |     90 |     22 |      0 |     76 |   1 |  112.0 |
         Sewer |    430 |    430 |      0 |      4 |    293 |   1 |  430.0 |
        Bailey |     87 |     87 |      0 |      0 |      0 |   1 |   87.0 |
               +--------+--------+--------+--------+--------+-----+--------+

Top non-repeatable levels by time:
     D:5: 1386 daAuts
     D:4: 1204 daAuts
     D:6: 1123 daAuts
     D:1: 841 daAuts
     D:2: 816 daAuts
     D:3: 473 daAuts
   Sewer: 430 daAuts
  Temple: 112 daAuts
  Bailey: 87 daAuts
     D:7: 75 daAuts

Table legend:
 A = Kills in this place as a percentage of kills in entire the game.
 B = Kills by you in this place as a percentage of kills by you in the entire game.
 C = Kills by friends in this place as a percentage of kills by friends in the entire game.
 D = Other kills in this place as a percentage of other kills in the entire game.
 E = Experience gained in this place as a percentage of experience gained in the entire game.
 F = Experience gained in this place divided by the number of levels of this place that you have seen.
                   A       B       C       D       E      F
               +-------+-------+-------+-------+-------+----------------------
         Total | 100.0 | 100.0 |   N/A |   N/A | 100.0 | 420.1
       Dungeon |  77.5 |  77.5 |   N/A |   N/A |  84.2 | 505.3
         Sewer |   9.3 |   9.3 |   N/A |   N/A |   5.1 | 214.0
        Bailey |  13.2 |  13.2 |   N/A |   N/A |  10.7 | 450.0
               +-------+-------+-------+-------+-------+----------------------
